[Event "*** Titled Tuesday Blitz"]
[Site "Chess.com"]
[Date "2021.04.20"]
[Round "7"]
[White "RobPeresian"]
[Black "Pantata007"]
[Result "0-1"]
[WhiteElo "2397"]
[BlackElo "2229"]
[TimeControl "180+1"]
[EndTime "11:17:12 PDT"]
[Termination "Pantata007 won on time"]

1. Nf3 d5 2. d4 Nf6 3. c4 c6 4. Nc3 e6 5. Bg5 dxc4 6. e4 b5 7. e5 h6 8. Bh4 g5 9. Nxg5 hxg5 10. Bxg5 Nbd7 11. exf6 Bb7 12. g3 Qb6 13. Bg2 O-O-O 14. O-O c5 15. d5 b4 16. Na4 Qb5 17. a3 Nb8 18. axb4 cxb4 19. Be3 Bxd5 20. Bxd5 Rxd5 21. Qg4 Nc6 22. Rfc1 Ne5 23. Qe4 Qc6 24. Kg2 Kb7 25. Bf4 Ng4 26. h4 Nxf6 27. Qf3 e5 28. Bg5 Be7 29. b3 e4 30. Qe3 Rd3 31. Qe2 e3+ 32. f3 Rd2 33. Qxd2 exd2 34. Bxd2 c3 35. Be3 Nd5 36. Bf2 Bd6 37. Rc2 Rg8 38. Kh2 Nf4 39. Rf1 Ne2 40. Rxe2 Qxf3 41. Re3 Qg4 42. Kg2 Bxg3 0-1

[Event "*** Titled Tuesday Blitz"]
[Site "Chess.com"]
[Date "2021.04.20"]
[Round "7"]
[White "Srisshhhtea"]
[Black "campomania3"]
[Result "1-0"]
[WhiteElo "2329"]
[BlackElo "2197"]
[TimeControl "180+1"]
[EndTime "11:17:13 PDT"]
[Termination "Srisshhhtea won on time"]

1. d4 d5 2. c4 c6 3. Nf3 Nf6 4. e3 g6 5. Bd3 Bg7 6. Nbd2 O-O 7.
O-O b6 8. b3 Bb7 9. Bb2 Nbd7 10.
Qc2 Rc8 11. e4 dxe4 12. Nxe4 c5 13. Nxf6+ Nxf6 14. d5 b5 15. Rad1 Qb6 16. Qe2 Rfe8 17. Rfe1 e6 18. d6 Red8 19. Be5 b4 20. Rd2 Rd7 21.
Red1 Rcd8 22. Bc2 a5 23. h3 Qc6 24. Qf1 Qb6 25. Qe2 Qc6 26. Qf1 Qb6 27. Nh2 Ne4 28. Bxe4 Bxe5 29. Bxb7 Qxb7 30. Ng4 Rxd6 31. Rxd6 Bxd6 32.
Nf6+ Kg7 33. Rxd6 Rxd6 34. Ne8+ Kf8 35. Nxd6 Qd7 36. Nb5 Qd2 37. Qa1 Kg8 38. g3 h5 39.
a3 h4 40. axb4 hxg3 41. fxg3 Qe3+ 42. Kh2 Qf2+ 43. Kh1 Qf3+ 44. Kg1 Qxg3+ 45. Kf1 Qxh3+ 46. Ke2 axb4 47. Qa8+ Kg7 48. Qd8 Qxb3 49. Qd6 1-0

[Event "*** Titled Tuesday Blitz"]
[Site "Chess.com"]
[Date "2021.04.20"]
[Round "7"]
[White "Komiagina_Maria"]
[Black "WisdomGame"]
[Result "0-1"]
[WhiteElo "2223"]
[BlackElo "2102"]
[TimeControl "180+1"]
[EndTime "11:17:13 PDT"]
[Termination "WisdomGame won on time"]

1. e4 Nf6 2. e5 Nd5 3. d4 d6 4. c4 Nb6 5. exd6 exd6 6. h3 Nc6 7. Be3 Be7 8. Nc3 O-O 9. Nf3 Bf6 10. Be2 Re8 11.
O-O g6 12. Rc1 Bf5 13. Qd2 Qd7 14. b3 Re7 15. Bg5 Bxg5 16. Qxg5 Rae8 17. Rfe1 Nb4 18.
a3 Nc2 19. g4 Nxe1 20. Rxe1 Bd3 21. Bxd3 Rxe1+ 22. Nxe1 Rxe1+ 23. Kg2 Qe7 24. Qf4 Ra1 25.
Ne4 Kg7 26. g5 Nd7 27. h4 f5 28. Ng3 Qe1 29. h5 Nf8 30. h6+ Kg8 31. d5 Qe5 32. Qd2 Nd7 33. Ne2 Nc5 34. f4 Qe7 35. Ng3 Rxa3 36. Qb2 Rxb3 37. Qa2 Rxd3 38. Qxa7 Rd2+ 39. Kh3 Ne4 40. Qb8+ Qf8 41. Qxc7 Nxg3 42. Kxg3 Rd3+ 43. Kf2 Rd4 0-1

[Event "*** Titled Tuesday Blitz"]
[Site "Chess.com"]
[Date "2021.04.20"]
[Round "7"]
[White "LenkaPtacnikova"]
[Black "Mbneu"]
[Result "1-0"]
[WhiteElo "2176"]
[BlackElo "2305"]
[TimeControl "180+1"]
[EndTime "11:17:13 PDT"]
[Termination "LenkaPtacnikova won on time"]

1. c4 Nf6 2. g3 c5 3. Bg2 e6 4.
Nf3 d5 5. d4 Nc6 6. O-O Be7 7.
dxc5 Bxc5 8. cxd5 exd5 9. Bg5 O-O 10. Nc3 d4 11. Bxf6 Qxf6 12. Ne4 Qe7 13. Nxc5 Qxc5 14. Rc1 Qb6 15. Qd2 Bg4 16. Rfd1 Rad8 17. h3 Bh5 18.
Ne1 Rfe8 19. g4 Bg6 20. Nd3 Be4 21.
f3 Bd5 22. Kh2 Re3 23. Nf4 Bc4 24. b3 Ba6 25. Bf1 h6 26. Ng2 Ree8 27. h4 Ne5 28. Kg3 Qd6 29. f4 Ng6 30. h5 Re3+ 31. Qxe3 dxe3 32. Rxd6 Rxd6 33. hxg6 Rxg6 34. Nxe3 h5 35.
g5 f6 36. Kh4 fxg5+ 37. fxg5 Re6 38. Nc4 g6 39. e3 b5 40. Nd2 Rxe3 41. Rc6 Bb7 42.
Rxg6+ Kf7 43. Rf6+ Ke7 44. Kxh5 Rg3 45. Kh4 Rg1 46. Rf4 1-0

[Event "*** Titled Tuesday Blitz"]
[Site "Chess.com"]
[Date "2021.04.20"]
[Round "7"]
[White "AnnaChessLook"]
[Black "mr65"]
[Result "0-1"]
[WhiteElo "2236"]
[BlackElo "2136"]
[TimeControl "180+1"]
[EndTime "11:17:14 PDT"]
[Termination "mr65 won by checkmate"]

1. d4 Nf6 2. c4 g6 3. Nc3 Bg7 4. e4 d6 5. Be2 O-O 6. Be3 e5 7. d5 a5 8. g4 Na6 9. h4 Nc5 10. f3 b6 11. h5 Bd7 12. Qd2 Ne8 13. O-O-O a4 14. hxg6 fxg6 15. Bh6 Bf6 16. Nh3 Ng7 17. Ng5 Bxg5 18. Bxg5 Qe8 19. Qe1 Qf7 20. Qh4 Ne8 21. Rh2 a3 22. b3 c6 23. Rdh1 b5 24. Qxh7+ Qxh7 25. Rxh7 b4 26. dxc6 Bxc6 27. Nd5 Bxd5 28. exd5 e4 29. Be7 exf3 30. Rh8+ Kf7 31. Rxf8+ Kxe7 32. Rxf3 Nf6 33. g5 Nh5 34. Re3+ Kd7 35. Bxh5 gxh5 36. Rxh5 Rf8 37. Rh7+ Kc8 38. Re2 Kd8 39. g6 Rf1+ 40. Kd2 Nxb3+ 41. axb3 a2 42. g7 Rg1 43. Rh8+ Kc7 44. g8=Q Rxg8 45. Rxg8 a1=Q 46.
Re7+ Kb6 47. Rb8+ Kc5 48. Rb5+ Kd4 49. Rxb4 Qb2+ 50. Kd1 Kc3 51. Rb5 Qd2# 0-1

[Event "*** Titled Tuesday Blitz"]
[Site "Chess.com"]
[Date "2021.04.20"]
[Round "7"]
[White "szachuspl"]
[Black "Irishchessman16"]
[Result "0-1"]
[WhiteElo "2512"]
[BlackElo "2288"]
[TimeControl "180+1"]
[EndTime "11:17:16 PDT"]
[Termination "Irishchessman16 won by checkmate"]

1. d4 d5 2. c4 c6 3. cxd5 cxd5 4. Bg5 f6 5. Bh4 e6 6. Nc3 Nc6 7. Nf3 Bd6 8. e4 dxe4 9. Nxe4 Nge7 10. Nxd6+ Qxd6 11. Bg3 Qd5 12. Be2 Qa5+ 13. Qd2 Qxd2+ 14. Kxd2 Kf7 15. Rhd1 b6 16. Rac1 Bb7 17. Ke1 Rhd8 18.
Bc4 Na5 19. Be2 Rac8 20. Bf4 Bd5 21. b3 Nec6 22. Be3 Nb4 23. Rxc8 Rxc8 24. Bd2 Nxa2 25. Bxa5 bxa5 26. Nd2 Rc2 27. Bc4 Bxg2 28. Ra1 Nc3 29. f3 Bh3 30. Rxa5 Nd5 31. Rxa7+ Kf8 32. Kd1 Rc3 33. Ke2 Nf4+ 34. Kf2 Rc2 35. Ke3 Ng2+ 36. Kd3 Bf5+ 37. Ke2 Nf4+ 38. Ke3 g5 39. Ne4 Ng2+ 40. Kd3 Ne1+ 41. Ke3 Bxe4 42. fxe4 Ng2+ 43. Kf3 Nh4+ 44.
Kg3 Rg2+ 45. Kh3 h5 46. Bxe6 Re2 47. Rf7+ Ke8 48. Rxf6 Re3+ 49. Rf3 Rxf3# 0-1

[Event "*** Titled Tuesday Blitz"]
[Site "Chess.com"]
[Date "2021.04.20"]
[Round "7"]
[White "kidagent"]
[Black "Michaelson_11"]
[Result "0-1"]
[WhiteElo "2329"]
[BlackElo "2229"]
[TimeControl "180+1"]
[EndTime "11:17:16 PDT"]
[Termination "Michaelson_11 won by resignation"]

1. e4 c5 2. Nf3 Nc6 3. d4 cxd4 4. Nxd4 Nf6 5. Nc3 g6 6. Be3 Bg7 7. Be2 O-O 8. Nb3 d6 9. O-O a5 10. a3 a4 11. Nd2 d5 12. exd5 Nxd5 13. Nxd5 Qxd5 14.
c3 Bf5 15. Bc4 Qd6 16. Re1 Rfd8 17. Qe2 Bd3 18. Bxd3 Qxd3 19. Nf3 Qxe2 20. Rxe2 Rd3 21. Rd2 Rad8 22. Rad1 Rxd2 23. Rxd2 Rxd2 24. Nxd2 Ne5 25.
b3 axb3 26. Nxb3 Nc4 27. Bc5 Bxc3 28. Bxe7 b5 29. Kf1 Bb2 30. Ke2 Nxa3 31. Kd3 Nc4 32. Nd4 Ne5+ 33. Ke4 Bxd4 34. Kxd4 Nc6+ 35. Kc5 Nxe7 36.
Kxb5 Kg7 37. Kc5 Kf6 38. Kd4 Ke6 39. Ke4 f5+ 40. Kf4 h6 41. h4 Nd5+ 42. Kg3 Ke5 43. f3 Nf6 44. Kh3 Kf4 45. Kh2 Nh5 46. Kh3 Ke3 47. g4 Nf4+ 48. Kg3 Ne2+ 49. Kh3 Kxf3 50. gxf5 gxf5 51. h5 Nf4+ 52. Kh2 Nxh5 53. Kh1 Kg3 54. Kg1 f4 55. Kh1 f3 56. Kg1 f2+ 57. Kf1 Nf6 58. Ke2 Kg2 0-1

[Event "*** Titled Tuesday Blitz"]
[Site "Chess.com"]
[Date "2021.04.20"]
[Round "7"]
[White "PavelChernomordik"]
[Black "juancruzarias"]
[Result "1-0"]
[WhiteElo "2401"]
[BlackElo "2562"]
[TimeControl "180+1"]
[EndTime "11:17:18 PDT"]
[Termination "PavelChernomordik won by checkmate"]

1. e4 e6 2. Nc3 d5 3. d4 Nf6 4. Bg5 Bb4 5. e5 h6 6. Bh4 g5 7. Bg3 Ne4 8. Ne2 h5 9. f3 Nxg3 10. hxg3 f5 11. g4 h4 12. gxf5 exf5 13. g3 Be6 14.
Qd3 Nc6 15. O-O-O Qe7 16. gxh4 O-O-O 17. Bh3 g4 18. fxg4 fxg4 19. Bg2 Rxh4 20. Kb1 Bxc3 21.
Qxc3 Rdh8 22. Qg3 Rxh1 23. Bxh1 Bf5 24. a3 Rh3 25. Qf2 Bh7 26. Bxd5 Nd8 27. Nf4 Rh6 28. Qe3 Rb6 29. Bb3 Qg5 30. e6 Nc6 31. d5 Ne7 32. Qd4 Rxb3 33. d6 Nc6 34. d7+ Kd8 35.
Qh8+ Bg8 36. cxb3 Ne7 37. Qd4 g3 38. Qxa7 Bh7+ 39. Ka2 Nc6 40. Qa8+ Ke7 41. d8=Q+ Nxd8 42. Qxd8# 1-0

[Event "*** Titled Tuesday Blitz"]
[Site "Chess.com"]
[Date "2021.04.20"]
[Round "7"]
[White "davigator"]
[Black "iulik86"]
[Result "1-0"]
[WhiteElo "2438"]
[BlackElo "2561"]
[TimeControl "180+1"]
[EndTime "11:17:19 PDT"]
[Termination "davigator won by resignation"]

1. e4 c5 2. Nf3 Nc6 3. d4 cxd4 4. Nxd4 Nf6 5. Nc3 d6 6. Bg5 e6 7. f3 a6 8. Qd2 h6 9. Be3 Ne5 10. O-O-O Bd7 11. g4 b5 12. a3 Qb8 13. Kb1 b4 14. axb4 Qxb4 15. Nd5 Qxd2 16. Nxf6+ gxf6 17. Rxd2 h5 18. g5 Be7 19. gxf6 Bxf6 20. h4 Rg8 21. Be2 Rg2 22. Kc1 Ke7 23. Bf1 Rxd2 24. Kxd2 a5 25. Be2 Rb8 26. b3 a4 27. bxa4 Bxa4 28. f4 Ng4 29. Bxg4 hxg4 30. h5 Rh8 31. c4 Bd7 32. Ne2 Rc8 33. Kd3 Ra8 34. Bd4 e5 35. fxe5 dxe5 36. Bc5+ Ke6 37. h6 Bh8 38. h7 Kf6 39.
Ng3 Be6 40. Nf5 Bxf5 41. exf5 Kxf5 42. Rh6 f6 43. Bd6 Ke6 44. c5 Kd5 45. Be7 e4+ 46. Ke3 Ke6 47. Bd6 Kf5 48. c6 Ra3+ 49. Kd4 Rd3+ 50.
Kc5 e3 51. c7 Rc3+ 52. Kd4 Rc6 53. Bg3 e2 54. Rh1 Kg5 55. Ke3 f5 56. Bf4+ Kg6 57. Kxe2 Kf7 58. Rd1 Rc4 59. Rd8 1-0

[Event "*** Titled Tuesday Blitz"]
[Site "Chess.com"]
[Date "2021.04.20"]
[Round "7"]
[White "svilson23"]
[Black "WPWPWP-2015"]
[Result "1-0"]
[WhiteElo "2280"]
[BlackElo "2455"]
[TimeControl "180+1"]
[EndTime "11:17:19 PDT"]
[Termination "svilson23 won by resignation"]

1. e4 c5 2. Nf3 e6 3. c3 Nf6 4.
e5 Nc6 5. exf6 gxf6 6. d4 cxd4 7. Nxd4 Ne5 8. Nf3 Ng6 9. Bd3 f5 10. h4 Bg7 11. h5 Ne7 12. Bg5 h6 13. Bh4 Qb6 14. Qb3 Qc6 15. Nbd2 Nd5 16. O-O-O a6 17. Nc4 b5 18. Nce5 Qc7 19. Rhe1 Bb7 20. Bg3 f4 21. Bh4 d6 22. Ng4 O-O 23. Kb1 f5 24. Ngh2 e5 25. Bxf5 Rxf5 26. Rxd5 Kh8 27. Rdd1 Rxh5 28.
Qe6 e4 29. Rxe4 Bxe4+ 30. Qxe4 Rf8 31. Ng4 Qc8 32. Qg6 Qf5+ 33. Qxf5 Rhxf5 34. Rxd6 a5 35. Nxh6 b4 36. Nxf5 Rxf5 37. Ng5 Bf6 38. Nf7+ Kg7 39.
Rxf6 Rxf6 40. Bxf6+ Kxf6 41. Nd6 f3 42. gxf3 Ke5 43. Nc4+ Kf4 44. Nxa5 Kxf3 45. cxb4 Kxf2 46. b5 Ke3 47. b6 Kd4 48. b7 Kc5 49. b8=Q Kd4 50.
Qd6+ Ke3 51. Nc4+ Ke2 52. a4 Ke1 53. a5 Ke2 54. a6 Ke1 55. a7 Ke2 56. a8=Q Kf1 57.
Qf3+ Ke1 1-0

[Event "*** Titled Tuesday Blitz"]
[Site "Chess.com"]
[Date "2021.04.20"]
[Round "7"]
[White "chessbia"]
[Black "allejam"]
[Result "1-0"]
[WhiteElo "2316"]
[BlackElo "2169"]
[TimeControl "180+1"]
[EndTime "11:17:19 PDT"]
[Termination "chessbia won by checkmate"]

1. d4 d5 2. c4 e6 3. Nf3 Nf6 4.
g3 Be7 5. Bg2 O-O 6. O-O b6 7.
cxd5 exd5 8. Nc3 Bf5 9. Bf4 Nbd7 10. Rc1 c5 11. dxc5 Nxc5 12. Nd4 Be6 13. Nc6 Qd7 14.
Nxe7+ Qxe7 15. Nb5 Rad8 16. Nd4 Rc8 17. a3 a5 18. b4 axb4 19. axb4 Nce4 20. b5 Rxc1 21. Qxc1 Rc8 22. Qb2 Bd7 23. Rc1 g5 24. Rxc8+ Bxc8 25. Nc6 Qc5 26. Be3 Qf8 27. Bxb6 Bd7 28. Bd4 Bxc6 29. bxc6 Qd6 30. Qc2 Qc7 31. Be3 h6 32. h4 Ng4 33. Bxe4 Nxe3 34. fxe3 dxe4 35. Qxe4 Qxg3+ 36.
Kf1 gxh4 37. Qe8+ Kg7 38. Qd7 h3 39. Qd4+ Kh7 40. Qe4+ Kg7 41. Qd4+ f6 42. Qd7+ Kg6 43. Qe8+ Kf5 44. e4+ Kf4 45. Qb8+ Kg4 46. Qxg3+ Kxg3 47. Kg1 h2+ 48. Kh1 f5 49. exf5 h5 50. c7 h4 51.
c8=Q Kh3 52. f6+ Kg3 53. f7 h3 54. Qg8+ Kh4 55. f8=Q Kh5 56. Qf5+ Kh4 57. Qfg4# 1-0

[Event "*** Titled Tuesday Blitz"]
[Site "Chess.com"]
[Date "2021.04.20"]
[Round "7"]
[White "volkanyirik"]
[Black "OriTaichman"]
[Result "0-1"]
[WhiteElo "2399"]
[BlackElo "2553"]
[TimeControl "180+1"]
[EndTime "11:17:20 PDT"]
[Termination "OriTaichman won by resignation"]

1. e4 c5 2. Nc3 Nc6 3. f4 g6 4.
Bc4 Bg7 5. Nf3 Na5 6. Be2 e6 7. O-O Ne7 8. d4 cxd4 9. Nxd4 d5 10. e5 Bd7 11. Be3 Nec6 12. Ndb5 O-O 13. Bc5 Re8 14. Nd6 Bf8 15. b4 b6 16. Nxe8 bxc5 17. Nf6+ Kh8 18. bxa5 Qxa5 19. Nxd7 Qxc3 20. Nxf8 Rxf8 21. Qd3 Nd4 22.
Rfe1 Qxc2 23. Rac1 Qxa2 24. Rxc5 Qb2 25. Bf3 Qb4 26.
Rec1 Nb3 27. Qc3 Qb6 28. Kh1 Nxc1 29. Qxc1 a5 30. h4 a4 31. Rc8 Rxc8 32. Qxc8+ Kg7 33. h5 gxh5 34. Qe8 a3 35. Bxh5 Qb1+ 36. Kh2 Qf5 37.
g4 Qxf4+ 38. Kg2 a2 39. Qa8 Qe4+ 40. Kh3 Qf3+ 41. Kh4 Qf2+ 42. Kh3 Qf1+ 43. Kh4 a1=Q 44. Kg3 Qae1+ 0-1

[Event "*** Titled Tuesday Blitz"]
[Site "Chess.com"]
[Date "2021.04.20"]
[Round "7"]
[White "maxip32"]
[Black "dpopadic"]
[Result "1-0"]
[WhiteElo "2525"]
[BlackElo "2371"]
[TimeControl "180+1"]
[EndTime "11:17:20 PDT"]
[Termination "maxip32 won by resignation"]

1. e4 c5 2. Nf3 Nc6 3. d4 cxd4 4. Nxd4 Nf6 5. Nc3 e5 6. Ndb5 d6 7. Nd5 Nxd5 8. exd5 Nb8 9. a4 Be7 10. Be2 O-O 11.
Bd2 Nd7 12. a5 f5 13. O-O Kh8 14. c4 Nc5 15. f3 a6 16. Nc3 Bg5 17. Ra3 e4 18. b4 Nd3 19. Bxd3 exd3 20. Bxg5 Qxg5 21. Qxd3 Bd7 22. f4 Qf6 23. Re1 Rae8 24. Rxe8 Rxe8 25.
Qd2 h6 26. Ra1 Rc8 27. Qd3 Bb5 28. cxb5 Rxc3 29. Qf1 Qd4+ 30. Kh1 Qxb4 31. bxa6 bxa6 32. Qxa6 Qxf4 33. Qf1 Qxf1+ 34. Rxf1 Ra3 35. h4 g6 36. h5 Kg7 37. hxg6 Kxg6 38. Re1 Rxa5 39. Re6+ Kg5 40. Rxd6 h5 41. Kh2 Ra3 42. g3 Rd3 43. Rd8 Rd2+ 44. Kh3 Rd1 45. d6 Kf6 46. d7 Ke7 47. Re8+ Kxd7 48. Re5 Rf1 49. Kg2 Kd6 50. Ra5 Rd1 51. Rxf5 Rd5 52. Rxd5+ Kxd5 53. Kh3 Ke5 54. Kh4 Kf6 55. Kxh5 Kg7 56. Kg5 Kh7 57. Kf6 Kg8 58.
Kg6 Kh8 59. g4 Kg8 60. g5 Kh8 61. Kf7 Kh7 62. g6+ 1-0

[Event "*** Titled Tuesday Blitz"]
[Site "Chess.com"]
[Date "2021.04.20"]
[Round "7"]
[White "CSB7"]
[Black "Indianlad"]
[Result "0-1"]
[WhiteElo "2751"]
[BlackElo "2927"]
[TimeControl "180+1"]
[EndTime "11:17:22 PDT"]
[Termination "Indianlad won by resignation"]

1. d4 d5 2. Nf3 Nf6 3. Bf4 Bf5 4. e3 e6 5. c4 Bxb1 6. Qxb1 Bb4+ 7. Kd1 O-O 8. a3 Be7 9. c5 c6 10. Bd3 Nbd7 11. h3 Re8 12. Ke2 Bxc5 13. dxc5 e5 14. Bg5 e4 15. b4 h6 16. Bh4 exd3+ 17. Qxd3 Nf8 18. Rhc1 Ng6 19. Bxf6 Qxf6 20. Kf1 Ne5 21. Qd4 Qf5 22. Nxe5 Rxe5 23. Rab1 Rae8 24. Kg1 a6 25. a4 Re4 26. Qd3 Qg5 27. b5 axb5 28. axb5 h5 29. bxc6 bxc6 30. Rb6 d4 31. Re1 dxe3 32.
Rxe3 Rxe3 33. fxe3 Qxc5 34. Qd4 Qxd4 35. exd4 Re6 36. Rb8+ Kh7 37. Rd8 f6 38. Kh2 Re2 39. Rd6 Rc2 40. d5 c5 41. Re6 Kg6 42. d6 Rd2 43. Kg3 Kf5 44. Re7 Rxd6 45. Rxg7 Rc6 46.
Ra7 c4 47. Kf2 c3 48. Ra1 c2 49. Rc1 h4 50. Kf3 Rc3+ 51. Ke2 Kf4 52. Kd2 Rc6 53. Rf1+ Kg3 54. Kc1 Kxg2 0-1

[Event "*** Titled Tuesday Blitz"]
[Site "Chess.com"]
[Date "2021.04.20"]
[Round "7"]
[White "PawnEatingZombie"]
[Black "gumimis"]
[Result "0-1"]
[WhiteElo "2183"]
[BlackElo "2327"]
[TimeControl "180+1"]
[EndTime "11:17:22 PDT"]
[Termination "gumimis won on time"]

1. d4 Nf6 2. c4 g6 3. Nc3 Bg7 4. e4 O-O 5. Be2 d6 6. Be3 e5 7. d5 Na6 8. g4 Nc5 9. f3 a5 10. h4 h5 11. g5 Ne8 12. Qd2 c6 13. O-O-O cxd5 14. cxd5 b6 15. Kb1 Nc7 16. Nh3 Bd7 17. Nf2 Rc8 18. Rc1 N7a6 19. Bb5 Bxb5 20. Nxb5 Qd7 21.
Qe2 Nb4 22. Bxc5 Rxc5 23. Rxc5 bxc5 24. a4 Na6 25. Rc1 Nc7 26. Nxc7 Qxc7 27. Nd1 Rb8 28. Qa6 Rb6 29. Qa8+ Rb8 30. Qc6 Qxc6 31. dxc6 Rc8 32. Nc3 Rxc6 33. Nd5 Kf8 34. Rc3 c4 35. b3 Ke8 36. Rxc4 Rxc4 37. bxc4 Kd7 38. Kc2 Ke6 39. Kb3 f6 40. c5 dxc5 41. Kc4 fxg5 42. hxg5 Bf8 43.
Kb5 h4 44. Ne3 h3 45. Ng4 Be7 46. Kc4 Bxg5 47. Kxc5 Bf4 48. Kb5 h2 49. Nf2 Bd2 50. Kc6 Be1 51. Nh1 Kf6 52. Kd5 Bc3 53. Kc4 Bd4 54. Kb5 Bc3 55. Kc4 Bd2 56. Kd5 Bc1 57. Kd6 Bb2 58. Kd5 Kg5 59. Kc4 Kf4 0-1

[Event "*** Titled Tuesday Blitz"]
[Site "Chess.com"]
[Date "2021.04.20"]
[Round "7"]
[White "SchmakAttack"]
[Black "Kobalia"]
[Result "1-0"]
[WhiteElo "2635"]
[BlackElo "2771"]
[TimeControl "180+1"]
[EndTime "11:17:23 PDT"]
[Termination "SchmakAttack won on time"]

1. Nf3 Nf6 2. g3 g6 3. b3 Bg7 4. Bb2 c5 5. Bg2 Nc6 6. O-O O-O 7. c4 d6 8. d4 Ne4 9. Nbd2 Bf5 10. e3 Qb6 11.
Nxe4 Bxe4 12. dxc5 dxc5 13. Bxg7 Kxg7 14. Qd2 Rfd8 15.
Qb2+ Kg8 16. Rfd1 a5 17. Ne5 Bxg2 18. Kxg2 f6 19. Nd7 Qc7 20. Nxc5 Ne5 21. Ne4 Qc6 22. f3 Nxf3 23. Kxf3 f5 24. Qe5 fxe4+ 25. Ke2 Rd3 26. Rf1 Rad8 27. Qxe7 Rd2+ 28. Ke1 R2d7 29. Qe5 Qb6 30.
Qxe4 Qb4+ 31. Kf2 Re7 32. Qg4 Qd2+ 33. Kg1 Qxe3+ 34. Rf2 Re4 35. Qh3 Red4 36. Rf1 Rd1 37. Kh1 Kg7 38. Qg2 R1d7 39. Rf3 Qe6 40. Qf2 Re7 41.
Qb2+ 1-0

[Event "*** Titled Tuesday Blitz"]
[Site "Chess.com"]
[Date "2021.04.20"]
[Round "7"]
[White "BL4D3RUNN3R"]
[Black "winniethepooh04"]
[Result "0-1"]
[WhiteElo "2101"]
[BlackElo "2256"]
[TimeControl "180+1"]
[EndTime "11:17:23 PDT"]
[Termination "winniethepooh04 won by checkmate"]

1. Nf3 Nf6 2. c4 g6 3. b4 Bg7 4. Bb2 O-O 5. g3 a5 6. b5 a4 7. Na3 c6 8. Bg2 d5 9. O-O dxc4 10. Qc2 Bf5 11. Qxc4 cxb5 12. Nxb5 Nc6 13. d3 Be6 14. Qc1 Rc8 15. Qd2 Bg4 16. h3 Bxf3 17. Bxf3 e5 18. Bg2 e4 19. Rfd1 Qb6 20. Nd6 Rcd8 21. Nc4 Qc5 22. Ba3 Qxc4 23. dxc4 Rxd2 24. Rxd2 Re8 25. e3 Ne5 26. Rc1 Nd3 27. Rcc2 Ne1 28. Rb2 Nf3+ 29. Bxf3 exf3 30. Rxb7 Ne4 31. Rd1 Nc3 32.
Re1 Ne2+ 33. Kf1 Rc8 34. c5 Bc3 35. Rd1 Be5 36. Rbd7 Kg7 37. R7d5 Bf6 38. g4 Nc3 39. e4 Nxd1 40. Rxd1 Re8 41. c6 Rxe4 42. Rc1 Re8 43.
c7 Rc8 44. Bd6 Bd8 45. Rc4 Kf6 46. cxd8=Q+ Rxd8 47. Bf4 Rd1# 0-1

[Event "*** Titled Tuesday Blitz"]
[Site "Chess.com"]
[Date "2021.04.20"]
[Round "7"]
[White "Beca95"]
[Black "FairChess_on_YouTube"]
[Result "0-1"]
[WhiteElo "2848"]
[BlackElo "3025"]
[TimeControl "180+1"]
[EndTime "11:17:24 PDT"]
[Termination "FairChess_on_YouTube won by resignation"]

1. d4 Nf6 2. c4 e6 3. Nc3 Bb4 4. Qc2 O-O 5. Nf3 d5 6. Bg5 Nbd7 7. e3 h6 8. Bh4 c5 9. cxd5 exd5 10. Bd3 c4 11. Bh7+ Kh8 12. Bf5 Nb6 13. O-O Bxf5 14. Qxf5 Qd7 15. Qc2 Bxc3 16. bxc3 Qa4 17. Qb2 Ne4 18.
Nd2 Qc6 19. Nxe4 dxe4 20. Rab1 Nd5 21. Rfc1 b6 22. Qb5 Rfc8 23. Qxc6 Rxc6 24. Rb5 Rd6 25. a4 a6 26. Rb2 b5 27. f3 Re8 28. fxe4 Rxe4 29. Bf2 Rb6 30. axb5 axb5 31. g3 f5 32. Re2 Ra6 33. Rb2 Ra5 34. h3 Kg8 35. Kg2 Kf7 36. Kf3 h5 37. Rbb1 Ke6 38. Rb2 Kd7 39. Rcc2 Kc6 40.
Rb1 Ra3 41. Rbc1 g5 42. Ke2 Re6 43. Kf3 g4+ 44. hxg4 hxg4+ 45. Kg2 Nxe3+ 46. Bxe3 Rxe3 47. d5+ Kxd5 48. Rb2 Raxc3 49. Rxb5+ Ke4 50. Rxc3 Rxc3 0-1

[Event "*** Titled Tuesday Blitz"]
[Site "Chess.com"]
[Date "2021.04.20"]
[Round "7"]
[White "NicoChasin"]
[Black "Andreikka"]
[Result "1/2-1/2"]
[WhiteElo "2708"]
[BlackElo "2865"]
[TimeControl "180+1"]
[EndTime "11:17:24 PDT"]
[Termination "Game drawn by repetition"]

1. e4 e5 2. Nf3 Nc6 3. Bb5 a6 4. Ba4 Nf6 5. O-O Be7 6. d3 b5 7. Bb3 d6 8. a4 Bd7 9. Nc3 Na5 10. Ba2 b4 11. Nd5 Nxd5 12. Bxd5 c6 13. Ba2 c5 14. c3 bxc3 15. bxc3 Qc7 16. Bd5 Rb8 17. d4 O-O 18. Be3 c4 19. Qe2 Rfc8 20. Nd2 exd4 21. Bxd4 Be6 22. Rab1 Bf8 23. Rb4 Bxd5 24.
exd5 Rxb4 25. cxb4 Nb3 26. Bc3 Nxd2 27. Qxd2 Qd7 28.
Ra1 Qb7 29. Qd4 Qd7 30. h3 h6 31. Kh2 Rc7 32. b5 axb5 33. axb5 Qxb5 34. Ra8 f6 35.
Qg4 Qd7 36. Qg6 Rc8 37. Rxc8 Qxc8 38. h4 Qb7 39. Qf5 Qf7 40. h5 Qe8 41. g4 Qe2 42. Kg2 Be7 43. Qc8+ Kf7 44. Qf5 Qd1 45. Qe6+ Ke8 46.
Qc8+ Bd8 47. Qe6+ Be7 48. Qc8+ Kf7 49. Qe6+ Kf8 50. Qc8+ Kf7 51. Qe6+ 1/2-1/2

[Event "*** Titled Tuesday Blitz"]
[Site "Chess.com"]
[Date "2021.04.20"]
[Round "7"]
[White "bsnsun"]
[Black "tteshan"]
[Result "1-0"]
[WhiteElo "2441"]
[BlackElo "2248"]
[TimeControl "180+1"]
[EndTime "11:17:26 PDT"]
[Termination "bsnsun won by checkmate"]

1. d4 d5 2. c4 dxc4 3. Nf3 Nf6 4. e3 Bg4 5. Bxc4 e6 6. h3 Bh5 7. Nc3 a6 8. Be2 Nc6 9. O-O Bd6 10. a3 O-O 11. e4 Bxf3 12. Bxf3 Nxd4 13. Re1 Nxf3+ 14.
Qxf3 Nd7 15. Qe2 Qe7 16. Be3 Bc5 17. Bf4 c6 18. Rad1 e5 19. Bg3 Rfd8 20. Qh5 Qe6 21. Kh2 g6 22. Qh6 Bf8 23. Qg5 Be7 24. Qh6 Nc5 25. Qe3 Nb3 26. Nd5 cxd5 27. exd5 Rxd5 28. Qxb3 Rad8 29. Rxd5 Qxd5 30. Qb6 Bc5 31. Qc7 Bd4 32. Bxe5 Bxe5+ 33. Rxe5 Qd7 34. Qc3 Rc8 35. Qe3 Qd6 36. g3 Rd8 37. Re7 b5 38. h4 Qd2 39. Re8+ Kg7 40.
Qe5+ Kh6 41. Qg5+ Kg7 42. Qe5+ Kh6 43. Kg2 Rxe8 44. Qxe8 Qd5+ 45. Kh2 Qd2 46. Qf8+ Kh5 47. Qc5+ Kh6 48. Qf8+ Kh5 49. Kg2 Qxb2 50. Qxf7 Qd2 51.
Qxh7+ Kg4 52. Qxg6+ Qg5 53. Qxg5# 1-0

[Event "*** Titled Tuesday Blitz"]
[Site "Chess.com"]
[Date "2021.04.20"]
[Round "7"]
[White "seorobert1971"]
[Black "BigAl"]
[Result "1-0"]
[WhiteElo "2723"]
[BlackElo "2586"]
[TimeControl "180+1"]
[EndTime "11:17:27 PDT"]
[Termination "seorobert1971 won by resignation"]

1. e4 c6 2. Nf3 d5 3. Nc3 dxe4 4.
Nxe4 Nf6 5. Qe2 Be6 6. Neg5 Bd5 7. c4 h6 8. cxd5 hxg5 9. dxc6 Nxc6 10. Qb5 Qd7 11. Nxg5 Rh5 12. h4 a6 13. Qd3 Nb4 14. Qxd7+ Nxd7 15. Kd1 Rc8 16. a3 Nc2 17. Rb1 Ne5 18. Be2 Rh6 19. f4 Ng6 20. g3 e5 21.
Bd3 Nd4 22. f5 Ne7 23. g4 Rhc6 24. b4 Nb3 25. Bb2 Rd8 26. Ke2 Rcd6 27. Bc4 Rxd2+ 28. Kf3 f6 29. Ne6 Rxb2 30. Rxb2 Nd2+ 31. Rxd2 Rxd2 32. Rc1 Nc6 33. b5 Bxa3 34. bxc6 Bb2 35. cxb7 e4+ 36. Kxe4 Be5 37. Rb1 Rc2 38. b8=Q+ Bxb8 39. Rxb8+ Kd7 40. Bd3 Rg2 41. Rb7+ Kd6 42. Rxg7 Rg3 43.
g5 Rg4+ 44. Nf4 Rxh4 45. gxf6 Rh8 46. f7 Ke7 47. Ng6+ Kf6 48. Nxh8 Kxg7 49. Ng6 Kxf7 50. Bxa6 Kf6 51. Bc4 Kg5 52. Ke5 Kh6 53. f6 Kxg6 54. f7 Kg7 55. Kf5 Kh7 56. Kf6 Kh6 57. f8=Q+ Kh5 58. Qg8 1-0

[Event "*** Titled Tuesday Blitz"]
[Site "Chess.com"]
[Date "2021.04.20"]
[Round "7"]
[White "Gulkov_Igor"]
[Black "Eloist"]
[Result "1-0"]
[WhiteElo "2528"]
[BlackElo "2373"]
[TimeControl "180+1"]
[EndTime "11:17:27 PDT"]
[Termination "Gulkov_Igor won on time"]

1. Nf3 Nf6 2. c4 e6 3. Nc3 b6 4. g3 Bb7 5. Bg2 Be7 6. d4 O-O 7. O-O Ne4 8. Bd2 f5 9. d5 Bf6 10. Rc1 Na6 11. a3 c5 12. Ne1 exd5 13. cxd5 Qe7 14.
Nxe4 fxe4 15. Bc3 d6 16. f3 exf3 17. exf3 Rae8 18. f4 Bxc3 19. Rxc3 Qe2 20. Nd3 Qxd1 21. Rxd1 Re2 22. Bf3 Re7 23. Kf2 Nc7 24. Ne1 Nb5 25.
Rcd3 Nd4 26. Rxd4 cxd4 27. Rxd4 g5 28. Nd3 gxf4 29. Nxf4 Rc8 30. Rd2 Rc1 31. Bg4 Bc8 32. Be6+ Kg7 33. h4 Rec7 34. Ke3 R7c2 35. Rxc2 Rxc2 36.
Kd3 Rc1 37. Kd2 Rc7 38. g4 Kf6 39. Ke3 Bxe6 40. dxe6 Rc2 41. g5+ Ke7 42. h5 Rxb2 43. g6 hxg6 44. hxg6 Rb3+ 45. Ke4 Rxa3 46. Kf5 Rg3 47.
Nd5+ Ke8 48. Nc7+ Kd8 49. Nd5 b5 50. Kf6 Rf3+ 51. Kg5 a5 52. g7 Rg3+ 53. Kf6 b4 54.
Kf7 Rf3+ 55. Kg6 Rg3+ 56. Kf7 Rf3+ 57. Nf6 Rg3 58. e7+ Kc7 59. e8=Q 1-0